 Dungeon Crawl Stone Soup version 0.31-a0-816-gd61d57ddb1 (webtiles) character file.

Game seed: 8658431774724542926

115355 Dirtsage the Grappler (level 16, 0/152 HPs)
             Began as a Demonspawn Fighter on Sept 23, 2023.
             Was a High Priest of Okawaru.
             Slain by a wolf spider (17 damage)
             ... led by a broodmother
             ... on level 3 of the Spider Nest.
             The game lasted 01:06:09 (27562 turns).

Dirtsage the Grappler (Demonspawn Fighter)         Turns: 27562, Time: 01:06:09

Health: 0/152      AC: 20    Str: 21 (23) XL:     16   Next: 18%
Magic:  18/30      EV: 15    Int: 20      God:    Okawaru [*****.]
Gold:   1264       SH: 13    Dex: 12 (13) Spells: 29/35 levels left

rFire   + .          .
                       - Unarmed
rCold   + . .        M - +2 buckler
rNeg    . . .        w - +2 chain mail {rF+}
rPois   .            c - +0 helmet {Int+3}
rElec   .            o - +2 cloak
rCorr   .            (gloves unavailable)
SInv    .            v - +0 pair of boots
Will    +....        k - amulet of reflection Stlth
                     J - ring of Erchaugh {rC+ Int+6}
HPRegen 1.45/turn    a - +5 ring of evasion
MPRegen 0.22/turn

%: reflection
@: lethally poisoned (0 -> 0), studying Unarmed Combat
A: claws 3, rugged brown scales 2, powered by death 3, robust 2
a: Renounce Religion, Heroism, Finesse, Duel


You were on level 3 of the Spider Nest.
You worshipped Okawaru.
Okawaru was extremely pleased with you.
You visited 5 branches of the dungeon, and saw 25 of its levels.
You also visited: Sewer, Bailey and Volcano.

You collected 2624 gold pieces.
You spent 1360 gold pieces at shops.

Inventory:

Hand Weapons
 S - a +0 flail
Missiles
 e - 3 throwing nets
 y - 13 curare-tipped darts
 V - 3 silver javelins
Armour
 c - a +0 helmet of intelligence (worn)
 o - a +2 cloak (worn)
 v - a +0 pair of boots (worn)
 w - a +2 chain mail of fire resistance (worn)
 M - a +2 buckler (worn)
 T - a +1 chain mail of cold resistance
Jewellery
 a - a +5 ring of evasion (right claw)
 k - an amulet of reflection (around neck)
 C - a ring of resist corrosion
 H - a ring of ice
 I - a ring of protection from cold
 J - the ring of Erchaugh (left claw) {rC+ Int+6}
   (You found it on level 1 of the Orcish Mines)

   [ring of intelligence]

   Int+6:     It affects your intelligence (+6).
   rC+:       It protects you from cold.
 P - a ring of poison resistance
 W - a ring of flight
Wands
 E - a wand of roots (23)
 L - a wand of flame (6)
Scrolls
 b - 4 scrolls of poison
 g - 2 scrolls of fear
 s - 5 scrolls of enchant armour
 t - 8 scrolls of teleportation
 u - 4 scrolls of immolation
 z - 6 scrolls of amnesia
 A - 2 scrolls of vulnerability
 B - 4 scrolls of blinking
 D - a scroll of silence {unknown}
 K - 2 scrolls of fog
 O - 3 scrolls of noise
 X - a scroll of summoning
 Y - 3 scrolls of revelation
Potions
 d - 3 potions of might
 f - 5 potions of lignification
 h - 5 potions of haste
 j - 3 potions of attraction
 l - 8 potions of heal wounds
 m - 2 potions of berserk rage
 n - a potion of resistance
 p - 3 potions of invisibility
 q - 4 potions of curing
 r - 8 potions of mutation
 x - a potion of magic
 F - 3 potions of enlightenment
 G - 4 potions of cancellation
 N - a potion of brilliance {unknown}
 Z - a potion of ambrosia {unknown}
Miscellaneous
 R - a phial of floods (inert)
 U - a lightning rod (2/4)


   Skills:
 + Level 9.9 Fighting
 - Level 5.8 Axes
 + Level 4.4 Throwing
 + Level 8.0 Armour
 + Level 7.3 Dodging
 + Level 10.1 Shields
 + Level 12.8 Unarmed Combat
 - Level 10.0 Spellcasting
 - Level 10.0 Translocations
 - Level 11.5 Invocations
 - Level 3.0 Evocations
 * Level 4.3 Shapeshifting


You had 29 spell levels left.
You knew the following spells:

 Your Spells              Type           Power      Damage    Failure   Level
a - Manifold Assault      Tloc           50%        N/A       8%          4
b - Blink                 Tloc           100%       N/A       1%          2

Your spell library contained the following spells:

 Spells                   Type           Power      Damage    Failure   Level
 Passage of Golubria      Tloc           50%        N/A       8%          4
 Ensorcelled Hibernation  Hex/Ice        20%        N/A       56%         2
 Jinxbite                 Hex            20%        N/A       56%         2
 Passwall                 Tmut/Erth      8%         N/A       56%         2
 Scorch                   Fire           20%        2d5       56%         2
 Inner Flame              Hex/Fire       10%        N/A       80%         3
 Swiftness                Air            10%        N/A       80%         3
 Anguish                  Hex/Necr       5%         N/A       99%         4
 Sticky Flame             Conj/Fire      10%        2d3       99%         4
 Lee's Rapid Deconstruct  Erth           5%         3d6*      100%        5
 Silence                  Hex/Air        5%         N/A       100%        5
 Yara's Violent Unravell  Hex/Tmut       5%         3d4       100%        5
 Starburst                Conj/Fire      5%         6d4       100%        6
 Enfeeble                 Hex            5%         N/A       100%        7
 Orb of Destruction       Conj           5%         9d5       100%        7
 Lehudib's Crystal Spear  Conj/Erth      5%         10d3      100%        8
 Summon Guardian Golem    Hex/Summ       Unusable   N/A       N/A         3
 Animate Armour           Summ/Erth      Unusable   N/A       N/A         4
 Summon Lightning Spire   Summ/Air       Unusable   N/A       N/A         4
 Spellforged Servitor     Conj/Summ      Unusable   N/A       N/A         7

Dungeon Overview and Level Annotations

Branches:
Dungeon (14/15)            Temple (1/1) D:4            Lair (5/5) D:11
  Swamp (0/4) Lair:2       Spider (3/4) Lair:2        Slime (0/5) Lair:5
    Orc (2/2) D:9             Elf (0/3) Orc:2        Vaults (0/5) D:14
  Sewer (visited)          Bailey (visited)         Volcano (visited)

Altars:
Ashenzari
Cheibriados
Dithmenos
Fedhas
Gozag
Hepliaklqana
Kikubaaqudgha
Makhleb
Nemelex Xobeh
Okawaru
Qazlal
Ru
Sif Muna
Trog
Uskayaw
Vehumet
Wu Jian
Xom
Yredelemnul

Shops:
D:4 *   D:13 =   D:14 :   Orc:2 [=[:

Annotations:
D:11 exclusion: door
D:14 1 runed translucent door, Reehalima's ghost, journeyman DsSh
Orc:1 1 transporter, WhatIsLove's ghost, journeyman DjFE


Innate Abilities, Weirdness & Mutations

You have claws for hands.
You are mostly covered in rugged brown scales. (AC +2, +5% HP)
You regenerate a lot of health from kills.
You are very robust. (+20% HP)


Message History

You feel extremely sick. The wolf spider hits you!
* * * LOW HITPOINT WARNING * * *
The wolf spider barely misses you. The wolf spider hits you.
* * * LOW HITPOINT WARNING * * *
The wolf spider bites you but does no damage.
You take 22 damage, and have 35/152 hp.
You bump into the rock wall.
You feel very sick. The wolf spider hits you.
* * * LOW HITPOINT WARNING * * *
The wolf spider bites you but does no damage.
You take 4 damage, and have 31/152 hp.
You feel less confused.
You feel very sick. You block the wolf spider's attack.
The wolf spider completely misses you. The wolf spider hits you.
* * * LOW HITPOINT WARNING * * *
The wolf spider bites you.
* * * LOW HITPOINT WARNING * * *
You take 9 damage, and have 22/152 hp.
You scratch the wolf spider.
The wolf spider is moderately wounded.
You feel sick. You block the wolf spider's attack. The wolf spider misses you.
You take 1 damage, and have 21/152 hp.
You barely miss the wolf spider.
The wolf spider is moderately wounded.
You feel very sick. You block the wolf spider's attack.
The wolf spider bites you but does no damage.
You take 2 damage, and have 19/152 hp.
You barely miss the wolf spider.
The wolf spider is moderately wounded.
You feel sick. The wolf spider barely misses you.
The wolf spider bites you but does no damage.
You take 1 damage, and have 18/152 hp.
You mangle the wolf spider!!
The wolf spider is severely wounded.
You feel sick. The wolf spider hits you!
You die...

#.........# ##.....#...
#######.^##..
########..###..###..
###...#.......#..#....
##......^..#...#..#....
#.†.###.##~~~..#..#^.##
##...#≈#~#≈≈##....#^.^#
###^.@~#≈≈≈≈~...~~##..
##.#†s≈≈#≈#≈≈#~~#≈#..#
#...†##≈#≈≈#~≈###≈≈#..
##^.###~≈≈≈#.###≈≈≈~##
#.....#≈≈#... #≈≈#≈≈~
#^.....≈≈.^. s≈≈#≈#≈#
###....#≈~#...≈≈≈####
#...#≈#. ### # # #..# ~


You could see a wolf spider.

Vanquished Creatures
  Rupert (D:12)
  Frances (D:12)
  Gastronok (Lair:2)
  Kirke (D:14)
  A ghost moth (Spider:3)
  3 broodmothers
  The ghost of bmj180 the Thaumaturge, a journeyman HuCj of Vehumet (Lair:4)
  The ghost of Ofadee Ketze the Thaumaturge, a journeyman DEEE of Vehumet (Lair:5)
  A spark wasp (Spider:2)
  An ettin (Orc:1)
  Josephine (Lair:4)
  A fire dragon (Volcano)
  3 entropy weavers (Spider:1)
  4 hydras
  A catoblepas (Lair:5)
  A centaur warrior (D:13)
  3 boulder beetles
  5 two-headed ogres
  A jorogumo (Spider:2)
  A deep troll shaman (Lair:5)
  A radroach (Spider:3)
  A hell hog (Volcano)
  23 death yaks
  2 demonic crawlers
  3 spriggans (Lair:5)
  3 pharaoh ants
  Lodul (D:14)
  A skyshark (Lair:3)
  3 orb spiders
  4 steelbarb worms
  10 orc knights
  Pikel (D:7)
  A lindwurm (Lair:5)
  A necromancer (D:14)
  8 wolf spiders
  2 deep elf pyromancers (D:14)
  4 cyclopes
  2 orc sorcerers
  2 manticores
  Joseph (D:7)
  2 moths of wrath (Spider:3)
  4 black mambas
  10 elephants
  5 cane toads
  A freezing wraith (D:14)
  The ghost of Turgon the Covert, a novice OpDe of Ru (D:6)
  3 rime drakes
  Jeremiah (D:7)
  A torpor snail (Lair:5)
  5 komodo dragons
  A kobold demonologist (D:12)
  3 meliai (Spider:2)
  A queen bee (shapeshifter) (D:14)
  9 trolls
  4 polar bears
  28 blink frogs
  11 tarantellas
  A hornet (Lair:5)
  2 dream sheep (Lair:5)
  4 slime creatures (D:12)
  11 culicivoras
  3 vampires
  2 shadows
  A centaur simulacrum (D:14)
  21 jumping spiders
  40 yaks
  2 wyverns
  7 wraiths
  2 fire bats (Volcano)
  6 basilisks
  4 humans (D:14)
  2 steam dragons (Volcano)
  44 redbacks
  7 vampire mosquitoes
  5 wargs (Orc:2)
  An acid dragon (D:12)
  2 hell hounds (Volcano)
  13 water moccasins
  34 orc warriors
  Pargi (Sewer)
  An ice beast (D:7)
  4 black bears
  2 sky beasts (D:7)
  14 ogres
  5 boggarts
  16 wolves
  6 centaurs
  5 phantoms
  2 lemures (D:7)
  14 bullfrogs
  6 kobold brigands (Bailey)
  A scorpion (D:6)
  A gnoll sergeant (D:12)
  9 wights
  3 troll zombies (D:9)
  9 killer bees
  2 electric eels
  2 howler monkeys
  2 jellies
  6 hounds
  5 orc priests
  2 sleepcaps (D:6)
  A gnoll bouda (D:6)
  6 iguanas
  21 orc wizards
  Terence (D:2)
  5 ogre zombies (D:9)
  A mummy (D:5)
  9 gnolls
  2 adders (D:2)
  A river rat (D:6)
  A white imp (D:7)
  A worm (D:2)
  A dart slug (D:1)
  72 orcs
  8 endoplasms
  9 goblins
  8 hobgoblins
  11 jackals
  19 kobolds
  6 quokkas
  8 ball pythons
  3 bats
  5 frilled lizards
  3 goblin skeletons (D:9)
  2 goblin zombies (D:9)
  A hobgoblin skeleton (D:9)
  3 hobgoblin zombies (D:9)
  2 orc skeletons (D:9)
  14 orc zombies (D:9)
  2 rats
755 creatures vanquished.

Vanquished Creatures (others)
  A wizard (D:14)
  An orc (Orc:1)
2 creatures vanquished.

Grand Total: 757 creatures vanquished

Notes
Turn   | Place    | Note
-------+----------+-------------------------------------------
     0 | D:1      | Dirtsage the Demonspawn Fighter began the quest for the
                  | Orb.
     0 | D:1      | Reached XP level 1. HP: 18/18 MP: 1/1
    26 | D:1      | Found a faded altar of an unknown god.
    66 | D:1      | Gained mutation: You are partially covered in rugged brown
                  | scales. (AC +1, +3% HP) [demonic ancestry]
    66 | D:1      | Reached XP level 2. HP: 14/24 MP: 2/2
   619 | D:2      | Gained mutation: You are mostly covered in rugged brown
                  | scales. (AC +2, +5% HP) [demonic ancestry]
   619 | D:2      | Reached XP level 3. HP: 24/30 MP: 3/3
  1022 | D:2      | Noticed Terence
  1032 | D:2      | Killed Terence
  1033 | D:2      | Reached XP level 4. HP: 13/36 MP: 4/4
  1747 | D:3      | You fall into a shaft and drop 1 floor!
  1864 | D:4      | Found a staircase to the Ecumenical Temple.
  1892 | Temple   | Entered the Ecumenical Temple
  1907 | Temple   | Became a worshipper of Warmaster Okawaru
  2186 | D:3      | Gained mutation: You regenerate a little health from kills.
                  | [demonic ancestry]
  2186 | D:3      | Reached XP level 5. HP: 43/43 MP: 5/5
  2823 | D:4      | Noticed an ogre
  2826 | D:5      | Entered Level 5 of the Dungeon
  2916 | D:5      | Noticed a phantom
  2926 | D:5      | Reached skill level 5 in Axes
  2932 | D:5      | Killed a phantom
  2939 | D:5      | Found a blossoming altar of Fedhas.
  2993 | D:5      | Gained mutation: You have sharp fingernails. [demonic
                  | ancestry]
  2993 | D:5      | Reached XP level 6. HP: 49/49 MP: 6/6
  3100 | D:5      | Reached * piety under Okawaru
  3101 | D:5      | Reached skill level 1 in Unarmed Combat
  3125 | D:5      | Reached skill level 2 in Unarmed Combat
  3132 | D:5      | Reached skill level 3 in Unarmed Combat
  3138 | D:5      | Gained mutation: You have very sharp fingernails. [demonic
                  | ancestry]
  3138 | D:5      | Reached XP level 7. HP: 24/54 MP: 4/7
  3214 | D:5      | Reached skill level 4 in Unarmed Combat
  3285 | D:5      | Found an ornate altar of the Wu Jian Council.
  3492 | D:5      | Found a snail-covered altar of Cheibriados.
  3638 | D:4      | Reached skill level 5 in Unarmed Combat
  3693 | D:4      | Found Jetoenno's Assorted Antiques.
  4240 | D:6      | Reached skill level 1 in Evocations
  4254 | D:6      | Gained mutation: You regenerate health from kills. [demonic
                  | ancestry]
  4254 | D:6      | Reached XP level 8. HP: 56/60 MP: 8/8
  4278 | D:6      | Reached ** piety under Okawaru
  4339 | D:6      | Reached skill level 6 in Unarmed Combat
  4466 | D:6      | Found a glowing drain.
  4479 | Sewer    | Entered a sewer
  4548 | Sewer    | Noticed Pargi
  4558 | Sewer    | Killed Pargi
  4620 | D:6      | Found a large runed translucent door.
  4932 | D:6      | Found a large runed translucent door.
  4933 | D:6      | Noticed Turgon's ghost (novice OpDe)
  5155 | D:6      | Killed Turgon's ghost
  5156 | D:6      | Reached skill level 7 in Unarmed Combat
  5281 | D:7      | Found a shimmering blue altar of Sif Muna.
  5298 | D:7      | Noticed Pikel
  5321 | D:7      | Killed Pikel
  5322 | D:7      | Reached skill level 5 in Fighting
  5322 | D:7      | Gained mutation: You have claws for hands. [demonic
                  | ancestry]
  5322 | D:7      | Reached XP level 9. HP: 39/71 MP: 7/11
  5498 | D:7      | Reached *** piety under Okawaru
  5521 | D:7      | Reached skill level 8 in Unarmed Combat
  5625 | D:7      | Learned a level 4 spell: Manifold Assault
  5645 | D:7      | Noticed Joseph
  5654 | D:7      | Killed Joseph
  5655 | D:7      | Reached skill level 5 in Invocations
  5744 | D:7      | Noticed Jeremiah
  5757 | D:7      | Killed Jeremiah
  5757 | D:7      | Reached **** piety under Okawaru
  5758 | D:7      | Reached skill level 9 in Unarmed Combat
  5841 | D:7      | Found a radiant altar of Vehumet.
  5864 | D:7      | Noticed a two-headed ogre
  5888 | D:7      | Killed a two-headed ogre
  5889 | D:7      | Gained mutation: You are robust. (+10% HP) [demonic
                  | ancestry]
  5889 | D:7      | Reached XP level 10. HP: 74/88 MP: 11/14
  6218 | D:8      | Noticed a two-headed ogre
  6227 | D:8      | Killed a two-headed ogre
  6228 | D:8      | Reached skill level 10 in Unarmed Combat
  6542 | D:8      | Found a flagged portal.
  6561 | Bailey   | Entered a bailey
  6671 | Bailey   | Reached ***** piety under Okawaru
  6704 | Bailey   | Noticed an orc knight
  6721 | Bailey   | Killed an orc knight
  6738 | Bailey   | Found a bloodstained altar of Trog.
  7020 | D:9      | Reached XP level 11. HP: 98/98 MP: 17/17
  7023 | D:9      | Reached skill level 11 in Unarmed Combat
  7056 | D:9      | Found a hide-covered altar of Uskayaw.
  7122 | D:9      | Reached skill level 1 in Throwing
  7124 | D:9      | Noticed a two-headed ogre
  7132 | D:9      | Killed a two-headed ogre
  7133 | D:9      | Reached skill level 1 in Spellcasting
  7133 | D:9      | Reached skill level 1 in Translocations
  7222 | D:9      | Received a gift from Okawaru
  7402 | D:9      | Found a staircase to the Orcish Mines.
  7752 | D:10     | Entered Level 10 of the Dungeon
  7917 | D:10     | Noticed a two-headed ogre
  7924 | D:10     | Killed a two-headed ogre
  8630 | D:11     | Reached skill level 10 in Invocations
  8708 | D:11     | Found a staircase to the Lair.
  8708 | D:11     | Noticed a death yak
  8709 | D:11     | Noticed a death yak
  8709 | D:11     | Noticed a death yak
  8709 | D:11     | Noticed a death yak
  8710 | D:11     | Noticed a death yak
  8710 | D:11     | Noticed a death yak
  8732 | D:11     | Killed a death yak
  8744 | D:11     | Killed a death yak
  8750 | D:11     | Killed a death yak
  8753 | D:11     | Killed a death yak
  8764 | D:11     | Killed a death yak
  8764 | D:11     | Received a gift from Okawaru
  8774 | D:11     | Killed a death yak
  8775 | D:11     | Reached skill level 5 in Spellcasting
  8777 | D:11     | Gained mutation: You are very robust. (+20% HP) [demonic
                  | ancestry]
  8777 | D:11     | Reached XP level 12. HP: 64/115 MP: 14/20
  8868 | D:11     | Reached skill level 5 in Translocations
  9025 | D:11     | Found a shimmering blue altar of Sif Muna.
  9320 | Lair:1   | Entered Level 1 of the Lair of Beasts
  9404 | Lair:1   | You fall into a shaft and drop 1 floor!
  9534 | Lair:1   | Reached skill level 1 in Dodging
  9538 | Lair:1   | Received a gift from Okawaru
 10353 | Lair:2   | Found a staircase to the Swamp.
 10554 | Lair:2   | Received a gift from Okawaru
 10657 | Lair:2   | Noticed a death yak
 10658 | Lair:2   | Noticed a death yak
 10660 | Lair:2   | Noticed a death yak
 10660 | Lair:2   | Noticed a death yak
 10698 | Lair:2   | Killed a death yak
 10698 | Lair:2   | Received a gift from Okawaru
 10703 | Lair:2   | Killed a death yak
 10703 | Lair:2   | Noticed a death yak
 10713 | Lair:2   | Killed a death yak
 10715 | Lair:2   | Killed a death yak
 10719 | Lair:2   | Killed a death yak
 10720 | Lair:2   | Gained mutation: You regenerate a lot of health from kills.
                  | [demonic ancestry]
 10720 | Lair:2   | Reached XP level 13. HP: 107/122 MP: 16/23
 11101 | Lair:2   | Identified the +8 rapier of the Charming Fulmar {elec,
                  | rElec rF- Int+5}
 11331 | Lair:2   | Noticed Gastronok
 11336 | Lair:2   | Found a hole to the Spider Nest.
 11353 | Lair:2   | Killed Gastronok
 11354 | Lair:2   | Reached skill level 5 in Armour
 11354 | Lair:2   | Reached skill level 5 in Shields
 11656 | Lair:3   | Received a gift from Okawaru
 11783 | Lair:3   | Identified the staff "Isaxapp" {rElec rF- Str+3 Stlth+
                  | Necro Air}
 12584 | Lair:4   | Noticed Josephine
 12596 | Lair:4   | Killed Josephine
 12596 | Lair:4   | Received a gift from Okawaru
 12814 | Lair:4   | Reached skill level 5 in Dodging
 13374 | Lair:4   | Reached ****** piety under Okawaru
 13377 | Lair:4   | Received a gift from Okawaru
 13515 | Lair:4   | Found a runed translucent door.
 13515 | Lair:4   | Noticed bmj180's ghost (journeyman HuCj)
 13531 | Lair:4   | Killed bmj180's ghost
 13625 | Lair:4   | Learned a level 2 spell: Blink
 14375 | Lair:5   | Entered Level 5 of the Lair of Beasts
 14512 | Lair:5   | Identified the +6 war axe "Sodghut" {freeze, rElec Int+4
                  | Dex+3 Stlth+}
 14513 | Lair:5   | Found a runed translucent door.
 14514 | Lair:5   | Found a staircase to the Slime Pits.
 14569 | Lair:5   | Reached XP level 14. HP: 118/131 MP: 26/26
 14689 | Lair:5   | Received a gift from Okawaru
 15397 | Lair:5   | Identified the +2 sling "Jeegioqo" {flame, rElec rN+ Int+2}
 15893 | Lair:5   | Noticed Ofadee Ketze's ghost (journeyman DEEE)
 15894 | Lair:5   | Found a runed translucent door.
 15895 | Lair:5   | Identified the +1 trident "Apsenn" {heavy, Fly Str+3 Dex-4}
 15926 | Lair:5   | Killed Ofadee Ketze's ghost
 15926 | Lair:5   | Received a gift from Okawaru
 16428 | Orc:1    | Entered Level 1 of the Orcish Mines
 16430 | Orc:1    | Paralysed by an orc sorcerer for 5 turns
 16600 | Orc:2    | Entered Level 2 of the Orcish Mines
 16634 | Orc:2    | Found a dark tunnel.
 16652 | Volcano  | Entered a volcano
 16949 | Orc:2    | Received a gift from Okawaru
 17024 | Orc:2    | Found Famir's Armour Emporium.
 17024 | Orc:2    | Found Ijuero's Jewellery Shop.
 17067 | Orc:2    | Found a staircase to the Elven Halls.
 17520 | Orc:2    | Found Lufoufum's Book Shop.
 17568 | Orc:2    | Found Beic's Armour Emporium.
 17577 | Orc:2    | Reached skill level 10 in Spellcasting
 17600 | Orc:2    | Received a gift from Okawaru
 18148 | Orc:1    | Noticed WhatIsLove's ghost (journeyman DjFE)
 18163 | Orc:1    | Found a transporter.
 18414 | Orc:1    | Reached skill level 10 in Translocations
 18575 | Orc:1    | Found a transporter.
 18645 | Orc:1    | Got the ring of Erchaugh {rC+ Int+6}
 18647 | Orc:1    | Got an unusual book
 18739 | Orc:2    | Bought a manual of Unarmed Combat for 1360 gold pieces
 19105 | D:12     | Reached XP level 15. HP: 100/140 MP: 24/29
 19281 | D:12     | Noticed Rupert
 19300 | D:12     | Killed Rupert
 19735 | D:12     | Noticed Frances
 19745 | D:12     | Killed Frances
 20333 | D:13     | Found Vodecir's Jewellery Boutique.
 21175 | D:14     | Noticed Lodul
 21384 | D:14     | Killed Lodul
 21819 | D:14     | Found a gate to the Vaults.
 21858 | D:14     | Found a runed translucent door.
 21859 | D:14     | Found a shimmering altar of Xom.
 21859 | D:14     | Noticed Reehalima's ghost (journeyman DsSh)
 21859 | D:14     | Found the +5 demon whip "Spellbinder" {antimagic, disrupt,
                  | Will+}
 21915 | D:14     | Found Coumuosi's Book Shop.
 22138 | D:14     | Found a shimmering altar of Xom.
 22284 | D:14     | Noticed Kirke
 22298 | D:14     | Killed Kirke
 22299 | D:14     | Reached skill level 12 in Unarmed Combat
 22797 | Spider:1 | Entered Level 1 of the Spider Nest
 23060 | Spider:1 | Reached skill level 1 in Shapeshifting
 25473 | Spider:2 | Received a gift from Okawaru
 25559 | Spider:2 | Reached skill level 10 in Shields
 26426 | Spider:3 | Reached XP level 16. HP: 151/151 MP: 17/30
 26657 | Spider:3 | HP: 2/152 [something (10)]
 26987 | Spider:3 | Received a gift from Okawaru
 27562 | Spider:3 | Slain by a wolf spider

Illustrated notes

Levels and vault maps discovered:
D:1:      scummos_arrival_hexagon, layout_rooms, shapermc_ecumenical_altar_venn,
          hangedman_decor_push
D:2:      layout_loops_corners, minivault_24, uniq_terence
D:3:      minmay_inner_zag, layout_basic, serial_forest,
          infiniplex_forest_lined_3_way, infiniplex_forest_lined_2,
          infiniplex_forest_lined_2, infiniplex_forest_clump_tiny,
          infiniplex_forest_lined_room_3, infiniplex_forest_join
D:4:      layout_cave_pods, lemuel_doored_altar,
          minmay_temple_entry_statues_pillars, serial_shops, shop
D:5:      layout_loops_ring, chei_slow_surprise, mainiacjoe_overflow_catwalk,
          fedhas_altar_3
D:6:      layout_basic, ebering_ghost_disaster_area,
          cheibrodos_sewer_entry_sluice
D:7:      layout_basic, lemuel_tele_altar,
          mainiacjoe_overflow_concentric_impassable, mumra_transporter_accident,
          uniq_joseph, uniq_jeremiah, uniq_pikel
D:8:      layout_cave_pools, enter_bailey_4
D:9:      layout_basic, nicolae_uskayaw_dance_hall, zombieorc2_lemuel
D:10:     layout_long_grid, chequers_serial_rivers_large_a
D:11:     layout_roguey, dpeg_lair_monsters, led_sif_book
D:12:     layout_long_grid, uniq_frances, uniq_rupert
D:13:     layout_layer_cave, serial_shops, nicolae_shop_gaudy_bauble
D:14:     layout_loops_corners, david_vaults_1, xom_teletrap_fun,
          ebering_ghost_xom, serial_shops, shop, uniq_lodul, uniq_kirke
Temple:   hellmonk_temple_of_storms
Lair:1:   layout_roguey, serial_bayou_pond_c
Lair:2:   layout_concentric_octagons, swamp_mist_pool, dummy_spider_entry,
          grunt_forest_stairs_basic, grunt_megastairs_5, uniq_gastronok
Lair:3:   layout_chaotic_city, lemuel_fruit_fields, grunt_megastairs_4
Lair:4:   layout_cellular_growth, gammafunk_ghost_grave, serial_rivers,
          chequers_serial_rivers_micro_c, chequers_serial_rivers_micro_b,
          chequers_serial_rivers_room_b, chequers_serial_rivers_small_3,
          nicolae_quartered_pool_impasse, ldierk_geyser, wad_woods_road_02,
          uniq_josephine
Lair:5:   grunt_lair_end_beastmaster, layout_loops_ring, slime_entry_2,
          ebering_ghost_funeral_grove, grunt_megastairs_3
Spider:1: layout_spider_delve
Spider:2: layout_spider_delve
Spider:3: layout_spider_delve
Orc:1:    layout_caves, gammafunk_ghost_stat_death, basic_altar,
          nicolae_orc_lost_temple
Orc:2:    st_orc_town, layout_caves, nicolae_volcano_entry_lava_flow,
          mines4_lemuel

Skill      XL: |  1  2  3  4  5  6  7  8  9 10 11 12 13 14 15 16 |
---------------+-------------------------------------------------+-----
Axes           | 2 3 4 5 |  5.8
Unarmed Combat | 3 5 7 9 10 11 12 | 12.8
Evocations     | 1 3 |  3.0
Fighting       | 5 6 8 9 |  9.9
Invocations    | 3 6 8 11 | 11.5
Throwing       | 1 2 4 |  4.4
Spellcasting   | 5 6 8 10 | 10.0
Translocations | 4 6 8 10 | 10.0
Armour         | 4 6 7 8 |  8.0
Dodging        | 3 5 7 |  7.3
Shields        | 4 7 9 10 | 10.1
Shapeshifting  | 3 4 |  4.3

Action                     |  1- 3 |  4- 6 |  7- 9 | 10-12 | 13-15 | 16-18 || total
---------------------------+-------+-------+-------+-------+-------+-------++-------
  Melee: War axe           |   106 |    37 |       |       |       |       ||   143
         Hand axe          |       |    70 |    19 |       |       |       ||    89
         Unarmed           |       |       |   269 |   816 |  2076 |   161 ||  3322
         Flail             |       |       |       |       |    30 |       ||    30
  Throw: Dart              |       |       |     2 |     6 |     2 |       ||    10
   Cast: Manifold Assault  |       |       |       |       |    44 |       ||    44
 Invoke: Heroism           |       |     1 |     4 |     5 |    23 |       ||    33
         Finesse           |       |       |       |     3 |     6 |       ||     9
  Evoke: Wand              |       |       |     1 |     1 |     6 |       ||     8
         Phial of floods   |       |       |       |       |     2 |       ||     2
         Lightning rod     |       |       |       |       |     1 |     3 ||     4
    Use: Potion            |     1 |       |       |     1 |     2 |     2 ||     6
         Scroll            |       |     4 |       |     9 |    19 |     3 ||    35
   Stab: Invisible         |       |       |       |       |     1 |       ||     1
         Distracted        |       |       |       |       |     1 |       ||     1
 Armour: Scale mail        |    66 |    19 |       |       |       |       ||    85
         Chain mail        |       |    38 |   132 |   366 |  1155 |   157 ||  1848
  Dodge: Dodged            |    49 |    33 |   121 |   349 |  1090 |   100 ||  1742
  Block: Buckler           |    39 |    36 |   128 |   316 |  1185 |   122 ||  1826
         Reflection        |     1 |       |     4 |     8 |     8 |       ||    21

Table legend: (Time is in decaauts)
 A = Elapsed time spent in this place.
 B = Non-inter-level travel time spent in this place.
 C = Inter-level travel time spent in this place.
 D = Time resting spent in this place.
 E = Time spent auto-exploring this place.
 F = Levels seen in this place.
 G = Mean time per level.
                   A        B        C        D        E       F      G
               +--------+--------+--------+--------+--------+-----+--------+
         Total |  27015 |  25671 |   1344 |    619 |  19264 |  28 |  964.8 |
       Dungeon |  12769 |  11936 |    833 |      0 |   9535 |  14 |  912.1 |
        Temple |     30 |     16 |     14 |      0 |      0 |   1 |   30.0 |
          Lair |   6938 |   6614 |    324 |      0 |   5109 |   5 | 1387.6 |
   Spider Nest |   4608 |   4569 |     39 |    619 |   2975 |   3 | 1536.0 |
  Orcish Mines |   2046 |   1914 |    132 |      0 |   1313 |   2 | 1023.0 |
         Sewer |    120 |    120 |      0 |      0 |     86 |   1 |  120.0 |
        Bailey |    285 |    285 |      0 |      0 |    140 |   1 |  285.0 |
       Volcano |    216 |    216 |      0 |      0 |    106 |   1 |  216.0 |
               +--------+--------+--------+--------+--------+-----+--------+

Top non-repeatable levels by time:
  Lair:4: 1964 daAuts
  Lair:5: 1806 daAuts
Spider:3: 1687 daAuts
Spider:1: 1600 daAuts
    D:14: 1406 daAuts
  Lair:2: 1395 daAuts
Spider:2: 1321 daAuts
   Orc:2: 1177 daAuts
    D:13: 1167 daAuts
    D:12: 1158 daAuts
  Lair:1: 1006 daAuts
     D:3: 1004 daAuts
     D:2: 994 daAuts
     D:9: 988 daAuts
     D:6: 887 daAuts
